 Dungeon Crawl Stone Soup version 0.28.0 (webtiles) character file.

Game seed: 176987230560657614

417 Sanktem7 the Covered (level 6, -5/56 HPs)
             Began as a Minotaur Fighter on Feb 16, 2022.
             Was an Initiate of Gozag.
             Slain by a hornet zombie (9 damage)
             ... on level 5 of the Dungeon.
             The game lasted 00:09:14 (5165 turns).

Sanktem7 the Covered (Minotaur Fighter)             Turns: 5165, Time: 00:09:14

Health: -5/56      AC: 11    Str: 22    XL:     6   Next: 61%
Magic:  5/5        EV:  6    Int:  5    God:    Gozag
Gold:   126        SH:  9    Dex: 16    Spells: 5/5 levels left

rFire   . . .      SeeInvis .   a - +0 war axe
rCold   . . .      Faith    .   p - +0 kite shield
rNeg    . . .      Spirit   .   k - +0 chain mail
rPois   .          Reflect  .   (helmet restricted)
rElec   .          Harm     .   (no cloak)
rCorr   +          Rampage  .   (no gloves)
Will    +....                   j - +0 pair of boots
Stlth   ..........              (no amulet)
HPRegen 0.18/turn               n - ring of Losuus {Wiz Will+ rCorr}
MPRegen 0.09/turn               e - +6 ring of dexterity

@: no status effects
A: horns 2, retaliatory headbutt
a: Renounce Religion, Potion Petition, Call Merchant, Bribe Branch


You were on level 5 of the Dungeon.
You worshipped Gozag.
Gozag was aware of your devotion.
You visited 1 branch of the dungeon, and saw 5 of its levels.

You collected 301 gold pieces.
You spent 85 gold pieces at shops.
You paid 90 gold pieces to Gozag.

Inventory:

Hand Weapons
 a - a +0 war axe (weapon)
Armour
 j - a +0 pair of boots (worn)
 k - a +0 chain mail (worn)
 p - a +0 kite shield (worn)
Jewellery
 e - a +6 ring of dexterity (right hand)
 n - the ring of Losuus (left hand) {Wiz Will+ rCorr}
   (You bought it in a shop on level 2 of the Dungeon)

   [ring of wizardry]

   It improves your spell success rate.
   rCorr:     It protects you from acid and corrosion.
   Will:      It increases your willpower.
Scrolls
 f - 2 scrolls of magic mapping
 h - a scroll of silence
 i - a scroll of teleportation {unknown}
 l - a scroll of immolation {unknown}
 m - a scroll of noise {unknown}
Potions
 b - a potion of flight
 c - a potion of lignification {unknown}
 d - a potion of might
 g - a potion of degeneration {unknown}
 o - 2 potions of cancellation
 q - a potion of magic {unknown}
 r - a potion of curing {unknown}


   Skills:
 * Level 5.2 Fighting
 * Level 5.4 Axes
 * Level 6.4 Armour
 + Level 0.9 Dodging
 - Level 3.6 Shields


You had 5 spell levels left.
You didn't know any spells.
Your spell library contained the following spells:

 Spells                   Type           Power      Damage    Failure   Level
 Gell's Gravitas          Tloc           0%         N/A       100%        3
 Teleport Other           Tloc           0%         N/A       100%        3
 Dispersal                Tloc           0%         N/A       100%        6


Dungeon Overview and Level Annotations

Branches:
Dungeon (5/15)
 Temple: D:4-7

Altars:
Dithmenos
Elyvilon
Fedhas
Gozag

Shops:
D:2 *   D:4 (


Innate Abilities, Weirdness & Mutations

You have a pair of horns on your head.
You reflexively headbutt those who attack you in melee.


Message History

You block the hornet zombie's attack. The hornet zombie hits you!
* * * LOW HITPOINT WARNING * * *
You completely miss the hornet zombie.
The hornet zombie is heavily damaged.
You block the hornet zombie's attack. The hornet zombie hits you.
* * * LOW HITPOINT WARNING * * *
You slash the hornet zombie!
The hornet zombie is severely damaged.
You block the hornet zombie's attack. The hornet zombie barely misses you.
You closely miss the hornet zombie.
The hornet zombie is severely damaged.
The hornet zombie hits you but does no damage.
You closely miss the hornet zombie.
The hornet zombie is severely damaged.
The hornet zombie hits you.
* * * LOW HITPOINT WARNING * * *
The hornet zombie hits you but does no damage.
You completely miss the hornet zombie.
The hornet zombie is severely damaged.
The hornet zombie hits you but does no damage.
You block the hornet zombie's attack.
You barely miss the hornet zombie.
The hornet zombie is severely damaged.
You block the hornet zombie's attack.
The hornet zombie completely misses you.
You furiously retaliate!
You headbutt the hornet zombie, but do no damage.
You closely miss the hornet zombie.
The hornet zombie is severely damaged.
You block the hornet zombie's attack. x2
You barely miss the hornet zombie.
You headbutt the hornet zombie, but do no damage.
The hornet zombie is severely damaged.
The hornet zombie hits you.
* * * LOW HITPOINT WARNING * * *
You barely miss the hornet zombie.
The hornet zombie is severely damaged.
The hornet zombie hits you!
You die...
Your body crumbles into a pile of gold.

##..#.....# $
###.........#
.............#
##..#.###.#### $
........#.#######
. ###...........#
#
##...##.###...###.
###. #..###......
#...#..@ZZ..#
###...###....#
###.. ...# ##.#
#... .# .. .. . #.
$ ..


You could see a hornet zombie and a water moccasin skeleton.

Vanquished Creatures
  A black bear (D:4)
  A gnoll sergeant (D:4)
  A hound (D:5)
  A bullfrog skeleton (D:3)
  An iguana (D:5)
  A hound skeleton (D:4)
  4 gnolls
  4 adders
  An adder skeleton (D:4)
  2 worms
  6 orcs (D:3)
  6 bats
  11 endoplasms
  5 giant cockroaches
  5 goblins
  7 hobgoblins
  3 jackals (D:3)
  2 quokkas
  7 ball pythons
  A frilled lizard (D:1)
  4 kobolds
  5 rats
79 creatures vanquished.

Vanquished Creatures (others)
  4 toadstools (D:1)
4 creatures vanquished.

Grand Total: 83 creatures vanquished

Notes
Turn   | Place    | Note
-------+----------+-------------------------------------------
     0 | D:1      | Sanktem7 the Minotaur Fighter began the quest for the Orb.
     0 | D:1      | Reached XP level 1. HP: 19/19 MP: 0/0
   174 | D:1      | Reached skill level 4 in Armour
   238 | D:1      | Reached XP level 2. HP: 22/27 MP: 1/1
   900 | D:1      | Reached XP level 3. HP: 31/33 MP: 2/2
  1315 | D:2      | Found Xepsom's Assorted Antiques.
  1397 | D:2      | Found a faded altar of an unknown god.
  2124 | D:3      | Reached XP level 4. HP: 31/40 MP: 3/3
  2397 | D:3      | Reached skill level 5 in Armour
  2944 | D:3      | Reached XP level 5. HP: 47/47 MP: 4/4
  3080 | D:2      | Bought a transparent platinum ring for 85 gold pieces
  3080 | D:2      | Identified the ring of Losuus {Wiz Will+ rCorr} (You bought
                  | it in a shop on level 2 of the Dungeon)
  3213 | D:4      | HP: 2/47 [gnoll (2)]
  3218 | D:4      | HP: 1/47 [gnoll (2)]
  4496 | D:4      | Reached XP level 6. HP: 53/55 MP: 5/5
  4524 | D:4      | Reached skill level 5 in Fighting
  4524 | D:4      | Reached skill level 5 in Axes
  4524 | D:4      | Reached skill level 6 in Armour
  4721 | D:4      | Found a blossoming altar of Fedhas.
  4770 | D:4      | Found an opulent altar of Gozag.
  4932 | D:4      | Found a white marble altar of Elyvilon.
  4963 | D:4      | Found a shadowy altar of Dithmenos.
  5014 | D:4      | Found Noequsur's Weapon Shoppe.
  5105 | D:4      | Became a worshipper of Gozag Ym Sagoz the Greedy
  5118 | D:5      | Entered Level 5 of the Dungeon
  5165 | D:5      | Slain by a hornet zombie

Illustrated notes

Levels and vault maps discovered:
D:1:      ldierk_walled_garden_2, layout_basic, minmay_curled_crystal,
          serial_park_tiny_pond
D:2:      layout_basic, ebering_ecumenical_altar_petrified, serial_shops, shop
D:3:      layout_basic, amethyst_killhole
D:4:      layout_cave_pools, mainiacjoe_overflow_surrounded_room,
          gammafunk_temple_overflow_forgotten, serial_shops, shop
D:5:      layout_rooms, mainiacjoe_overflow_catwalk,
          kennysheep_cross_bottleneck, minivault_14, minmay_liquid_box,
          minmay_divided_ellipse

Skill      XL: |  1  2  3  4  5  6 |
---------------+-------------------+-----
Armour         | 4 5 6 |  6.4
Fighting       | 4 5 |  5.2
Axes           | 3 4 5 |  5.4
Dodging        | |  0.9
Shields        | |  3.6

Action                   |  1- 3 |  4- 6 || total
-------------------------+-------+-------++-------
Melee: War axe           |    74 |   122 ||   196
       Headbutt          |    10 |    17 ||    27
  Use: Scroll            |       |     4 ||     4
 Stab: Distracted        |     1 |       ||     1
Armor: Scale mail        |    21 |       ||    21
       Chain mail        |     6 |    78 ||    84
Dodge: Dodged            |    35 |    49 ||    84
Block: Buckler           |    12 |    18 ||    30
       Kite shield       |       |    34 ||    34
